 Dungeon Crawl Stone Soup version 0.32-a0-900-g30fb1b0edc (webtiles) character file.

Game seed: 16848669136262929253

37 olmar the Shield-Bearer (level 3, -2/33 HPs)
             Began as a Minotaur Fighter on Apr 5, 2024.
             Slain by Sigmund
             ... wielding a +0 scythe
              (4 damage)
             ... on level 2 of the Dungeon.
             The game lasted 00:01:18 (880 turns).

olmar the Shield-Bearer (Minotaur Fighter)           Turns: 880, Time: 00:01:18

Health: -2/33      AC:  7    Str: 22    XL:     3   Next: 21%
Magic:  2/2        EV:  8    Int:  5    God:
Gold:   67         SH:  4    Dex:  9    Spells: 2/2 levels left

rFire   + . .        a - +0 flail
rCold   . . .        c - +0 buckler
rNeg    . . .        b - +0 scale mail
rPois   .            (helmet restricted)
rElec   .            (no cloak)
rCorr   .            (no gloves)
SInv    .            (no boots)
Will    +....        (no amulet) Stlth
                     e - ring of protection from fire
HPRegen 0.25/turn    (no ring)
MPRegen 0.08/turn

%: no passive effects
@: mighty, enlightened, flying
A: horns 2, retaliatory headbutt
a: no special abilities


You were on level 2 of the Dungeon.
You visited 1 branch of the dungeon, and saw 2 of its levels.

You collected 67 gold pieces.

Inventory:

Hand Weapons
 a - a +0 flail (weapon)
Missiles
 f - 3 poisoned darts (quivered)
 l - 4 boomerangs
Armour
 b - a +0 scale mail (worn)
 c - a +0 buckler (worn)
Jewellery
 e - a ring of protection from fire (left hand)
Scrolls
 g - a scroll of butterflies {unknown}
 i - a scroll of torment {unknown}
 j - a scroll of revelation {unknown}
 k - a scroll of amnesia {unknown}


   Skills:
 + Level 4.2 Fighting
 + Level 2.7 Maces & Flails
 + Level 4.1 Armour
 + Level 4.2 Shields


You had 2 spell levels left.
You didn't know any spells.
Your spell library was empty.

Dungeon Overview and Level Annotations

Branches:
Dungeon (2/15)

Altars:

Shops:
D:1 ?

Annotations:
D:2 Sigmund


Innate Abilities, Weirdness & Mutations

You have a pair of horns on your head.
You reflexively headbutt those who attack you in melee.


Message History

A giant cockroach is nearby!
Throw: 4 darts (poison)
Press: ? - help, Q - select action, (/) - cycle Shift-Dir - straight line, f - giant cockroach
Aim: a giant cockroach (52% to hit)
You throw a poisoned dart.
The poisoned dart closely misses the giant cockroach.
Unknown command.
Sigmund mumbles some strange words.
Sigmund flickers and vanishes!
Deactivating autopickup; reactivate with Ctrl-A.
The giant cockroach closely misses you.
You barely miss the giant cockroach. The giant cockroach barely misses you.
The giant cockroach misses you.
Unknown command.
You sock the giant cockroach!
You kill the giant cockroach!
Something hits you but does no damage. Something hits you.
You see here a giant cockroach corpse.
You sock something! Something hits you!
You miss something. Something hits you!
You miss something. Something hits you.
You barely miss something. Your headbutt misses something.
Unknown command.
You miss something. Your headbutt misses something. Something hits you.
Unknown command.
You thump something! Something hits you!
* * * LOW HITPOINT WARNING * * *
Unknown command.
It was a potion of enlightenment.
You feel very buoyant.
You fly up into the air.
Something hits you.
* * * LOW HITPOINT WARNING * * *
You closely miss something. Your headbutt misses something.
Something hits you but does no damage.
Unknown command.
You miss something.
Unknown command.
You barely miss something. Something hits you.
You die...

. .... ### .... #.#
..... #.# ...@..
#####@###......
#.....{.....=..
#########..........
#..................
#..?..........#####
####..........(..#
................# #
##..###.########
#.##......#


There were no monsters in sight!

Vanquished Creatures
  A dart slug (D:1)
  5 ball pythons (D:1)
  An endoplasm (D:1)
  2 giant cockroaches
  3 goblins (D:1)
  3 hobgoblins (D:1)
  4 jackals (D:1)
  A kobold (D:1)
  3 quokkas (D:1)
  A bat (D:1)
  4 frilled lizards (D:1)
  3 rats (D:1)
31 creatures vanquished.

Notes
Turn   | Place    | Note
-------+----------+-------------------------------------------
     0 | D:1      | olmar the Minotaur Fighter began the quest for the Orb.
     0 | D:1      | Reached XP level 1. HP: 19/19 MP: 0/0
   134 | D:1      | Reached XP level 2. HP: 27/27 MP: 1/1
   245 | D:1      | Found Fopiong's Magic Scroll Shop.
   490 | D:1      | Reached XP level 3. HP: 33/33 MP: 2/2
   858 | D:2      | Noticed Sigmund
   877 | D:2      | HP: 1/33 [something (1)]
   880 | D:2      | Slain by Sigmund

Illustrated notes

Levels and vault maps discovered:
D:1:      lemuel_arrival_muddy, layout_loops_cross, serial_shops, shop,
          chequers_serial_rivers_small_b
D:2:      layout_basic, chequers_serial_rivers_micro_c, minmay_quantized,
          uniq_sigmund, uniq_jessica

Skill      XL: |  1  2 |
---------------+-------+-----
Shields        | 4 |  4.2
Fighting       | 4 |  4.2
Armour         | 4 |  4.1
Maces & Flails | |  2.7

Action                     || total
---------------------------++-------
  Melee: Flail             ||    82
         Headbutt          ||     9
  Throw: Dart              ||     1
    Use: Potion            ||     2
 Armour: Scale mail        ||    79
  Dodge: Dodged            ||    37
  Block: Buckler           ||    22

Table legend: (Time is in decaauts)
 A = Elapsed time spent in this place.
 B = Non-inter-level travel time spent in this place.
 C = Inter-level travel time spent in this place.
 D = Time resting spent in this place.
 E = Time spent auto-exploring this place.
 F = Levels seen in this place.
 G = Mean time per level.
                   A        B        C        D        E       F      G
               +--------+--------+--------+--------+--------+-----+--------+
         Total |    905 |    861 |     44 |      2 |    655 |   2 |  452.5 |
       Dungeon |    905 |    861 |     44 |      2 |    655 |   2 |  452.5 |
               +--------+--------+--------+--------+--------+-----+--------+

Top non-repeatable levels by time:
     D:1: 860 daAuts
     D:2: 45 daAuts
